 Dungeon Crawl Stone Soup version 0.17-a0-910-ga669010 (webtiles) character file.

81 xeno23 the Ogre Mage (level 4, -2/44 HPs)
             Began as an Ogre Wizard on May 2, 2015.
             Slain by an orc wizard
             ... wielding a +0 dagger
              (3 damage)
             ... on level 3 of the Dungeon.
             The game lasted 00:07:39 (3018 turns).

xeno23 the Ogre Mage (Ogre Wizard)                  Turns: 3018, Time: 00:07:39

Health: -2/44      AC:  3    Str: 13    XL:     4   Next: 40%
Magic:  5/9        EV:  9    Int: 17    God:
Gold:   60         SH:  0    Dex:  8    Spells: 4 memorised, 2 levels left

rFire  . . .     SeeInvis .     f - +0 whip
rCold  . . .     Clarity  .     a - +0 robe
rNeg   . . .     SustAb   .     (no shield)
rPois  .         Gourm    .     b - +0 hat
rElec  .         Spirit   .     (no cloak)
rCorr  .         Warding  .     (gloves unavailable)
rMut   .         Stasis   .     (boots unavailable)
MR     .....                    (no amulet)
Stlth  +.........               (no ring)
                                l - ring of wizardry

@: not resistant to hostile enchantments, very unstealthy
A: unfitting armour, tough skin 1
a: no special abilities


You were on level 3 of the Dungeon.
You were not hungry.

You visited 1 branch of the dungeon, and saw 3 of its levels.

You collected 60 gold pieces.

Inventory:

Hand weapons
 f - a +0 whip (weapon)
 i - a +0 mace
Armour
 a - a +0 robe (worn)
 b - a +0 hat (worn)
Jewellery
 l - a ring of wizardry (left hand)
Scrolls
 g - 2 scrolls of noise {unknown}
 k - a scroll of random uselessness {unknown}
 n - a scroll of amnesia {unknown}
 o - a scroll of remove curse {unknown}
 p - a scroll of enchant armour {unknown}
 q - a scroll of magic mapping {unknown}
Potions
 e - 2 potions of curing {unknown}
 j - a potion of haste {unknown}
 m - 3 potions of degeneration {unknown}
 r - a potion of flight {unknown}
Books
 c - a book of Minor Magic

   Spells                             Type                      Level
   a - Magic Dart                     Conjuration                  1
   b - Blink                          Translocation                2
   c - Call Imp                       Summoning                    2
   d - Repel Missiles                 Charms/Air                   2
   e - Slow                           Hexes                        2
   f - Conjure Flame                  Conjuration/Fire             3
   g - Mephitic Cloud                 Conjuration/Poison/Air       3
Comestibles
 d - 2 bread rations


   Skills:
 + Level 2.4 Fighting
 * Level 2.9 Maces & Flails
 - Level 1.7 Dodging
 - Level 1.5 Stealth
 - Level 3.6 Spellcasting
 + Level 1.3 Conjurations
 - Level 0.6 Summonings
 - Level 0.6 Translocations
 * Level 0.9 Air Magic


You had 2 spell levels left.
You knew the following spells:

 Your Spells              Type           Power        Failure   Level  Hunger
a - Magic Dart            Conj           #...         4%          1    None
b - Blink                 Tloc           N/A          9%          2    ##.....
c - Call Imp              Summ           #.......     9%          2    ##.....
d - Mephitic Cloud        Conj/Pois/Air  #.......     16%         3    ###....


Dungeon Overview and Level Annotations

Branches:
Dungeon (3/15)

Altars:


Innate Abilities, Weirdness & Mutations

You are too large for most types of armour.
You have tough skin (AC +1).


Message History

The orc wizard shouts!
The orc wizard hits you with a dagger.
* * * LOW HITPOINT WARNING * * *
You take 2 damage.
Casting: Call Imp
Confirm with . or Enter, or press ? or * to list all spells.
Aiming: Magic Dart
Press: ? - help, Shift-Dir - straight line, f - orc wizard
Aim: an orc wizard, wielding a dagger and wearing a robe (almost dead, fast)
The magic dart hits the orc wizard.
The orc wizard is almost dead.
The orc wizard hits you with a dagger.
* * * LOW HITPOINT WARNING * * *
You take 1 damage.
You barely miss the orc wizard.
The orc wizard is almost dead.
The orc wizard hits you with a dagger.
* * * LOW HITPOINT WARNING * * *
The orc wizard hits you with a dagger.
You die...

########
?......########
#5...).......
##'#####o@.<........
#?.......(..........
+.............>....
..................
..................
#######$.........
#.#.###### #.#.#
#.#.#


You could see an orc wizard and a friendly crimson imp.

Vanquished Creatures
  4 adders (D:2)
  2 giant geckos
  3 orcs
  4 bats
  2 giant cockroaches (D:2)
  8 hobgoblins
  A giant newt (D:2)
  8 goblins
  4 kobolds (D:1)
  4 rats
40 creatures vanquished.

Vanquished Creatures (others)
  A white imp (D:3)
1 creature vanquished.

Grand Total: 41 creatures vanquished

Notes
Turn   | Place    | Note
--------------------------------------------------------------
     0 | D:1      | xeno23, the Ogre Wizard, began the quest for the Orb.
     0 | D:1      | Reached XP level 1. HP: 16/16 MP: 5/5
   312 | D:1      | Reached skill level 1 in Fighting
   377 | D:1      | Reached skill level 1 in Conjurations
   437 | D:1      | Reached XP level 2. HP: 21/27 MP: 6/6
   452 | D:1      | Learned a level 2 spell: Blink
   905 | D:1      | Reached skill level 1 in Maces & Flails
  1137 | D:1      | Learned a level 2 spell: Call Imp
  1183 | D:1      | Reached XP level 3. HP: 33/35 MP: 8/8
  1339 | D:2      | Learned a level 3 spell: Mephitic Cloud
  1785 | D:2      | Reached XP level 4. HP: 41/44 MP: 9/9
  2248 | D:2      | HP: 2/44 [poisoned by an adder]
  2255 | D:2      | HP: 1/44 [poisoned by an adder]
  3018 | D:3      | HP: 1/44 [orc wizard/dagger (5)]
  3018 | D:3      | Slain by an orc wizard

Action                   |  1- 3 |  4- 6 || total
-------------------------+-------+-------++-------
Melee: Unarmed           |    28 |       ||    28
       Whip              |    92 |    93 ||   185
 Cast: Magic Dart        |    21 |    13 ||    34
       Call Imp          |       |     2 ||     2
       Mephitic Cloud    |       |     1 ||     1
 Stab: Sleeping          |     1 |       ||     1
  Eat: Chunk             |     3 |     2 ||     5
       Beef jerky        |       |     1 ||     1
